 Dungeon Crawl Stone Soup version 0.30-b1-2-g02819fbbbe (webtiles) character file.

Game seed: 11139669431644264881

94555 seren the Bludgeoner (level 15, -4/138 HPs)
             Began as an Armataur Fighter on Jan 4, 2024.
             Was a High Priest of the Shining One.
             Slain by an anaconda (10 damage)
             ... on level 3 of the Snake Pit.
             The game lasted 01:40:25 (29698 turns).

seren the Bludgeoner (Armataur Fighter)            Turns: 29698, Time: 01:40:26

Health: -4/138     AC: 33    Str: 27    XL:     15   Next: 63%
Magic:  0/20       EV:  5    Int:  9    God:    the Shining One [*****.]
Gold:   1038       SH: 21    Dex: 19    Spells: 14/14 levels left

rFire   + + .        b - +1 eveningstar (holy)
rCold   + . .        c - +2 tower shield {reflect}
rNeg    + + +        Y - +6 plate armour "Wifeil" {Dex+2}
rPois   +            G - +1 helmet {SInv}
rElec   +            (no cloak)
rCorr   +            B - +2 pair of gloves
SInv    +            h - +0 barding "Kan Siv" {Drain rN+ Dex+3 Slay+3}
Will    ++...        v - amulet "Qykom" {Spirit rElec rPois rCorr Stlth+} Stlth
                     V - ring "Mubief" {rF++ rCorr}
HPRegen 0.43/turn    m - ring "Faikher" {rPois rC+ Will+ Dex+3 Slay+2}
MPRegen 0.17/turn

%: reflection, guardian spirit, roll
@: lethally poisoned (-4 -> -6), on berserk cooldown, glowing
A: large, rugged brown scales 3, deformed body, armoured tail, roll, long
tongue, awkward tongue
a: Renounce Religion, Divine Shield, Cleansing Flame, Summon Divine Warrior


You were on level 3 of the Snake Pit.
You worshipped the Shining One.
The Shining One was extremely pleased with you.
You visited 5 branches of the dungeon, and saw 25 of its levels.

You collected 3049 gold pieces.
You spent 2011 gold pieces at shops.

Inventory:

Hand Weapons
 b - a +1 eveningstar of holy wrath (weapon)
Missiles
 a - 2 javelins
 n - 2 throwing nets
 o - a boomerang of dispersal
 x - 20 boomerangs (quivered)
 F - 31 poisoned darts
 M - 5 curare-tipped darts
 Z - 9 atropa-tipped darts
Armour
 c - a +2 tower shield of reflection (worn)
 h - the +0 barding "Kan Siv" (worn) {Drain rN+ Dex+3 Slay+3}
   (You acquired it on level 4 of the Dungeon)

   Dex:       It affects your dexterity (+3).
   Slay:      It affects your accuracy & damage with ranged weapons and melee
   (+3).
   rN:        It protects you from negative energy.
   Drain:     It drains your maximum health when unequipped.
 l - a +1 tower shield of cold resistance
 B - a +2 pair of gloves (worn)
 G - a +1 helmet of see invisible (worn)
 Y - the +6 plate armour "Wifeil" (worn) {Dex+2}
   (You acquired it on level 1 of the Lair of Beasts)

   Dex:       It affects your dexterity (+2).
Jewellery
 m - the ring "Faikher" (right hand) {rPois rC+ Will+ Dex+3 Slay+2}
   (You bought it in a shop on level 2 of the Orcish Mines)

   [ring of willpower]

   Dex:       It affects your dexterity (+3).
   Slay:      It affects your accuracy & damage with ranged weapons and melee
   (+2).
   rC:        It protects you from cold.
   rPois:     It protects you from poison.
   Will:      It increases your willpower.
 p - a +4 ring of protection
 v - the amulet "Qykom" (around neck) {Spirit rElec rPois rCorr Stlth+}
   (You bought it in a shop on level 2 of the Orcish Mines)

   [amulet of guardian spirit]

   It causes incoming damage to be divided between your reserves of health and
   magic.
   rElec:     It insulates you from electricity.
   rPois:     It protects you from poison.
   rCorr:     It protects you from acid and corrosion.
   Stlth:     It makes you more stealthy.
 C - a ring of positive energy
 V - the ring "Mubief" (left hand) {rF++ rCorr}
   (You bought it in a shop on level 2 of the Orcish Mines)

   [ring of resist corrosion]

   rF:        It greatly protects you from fire.
   rCorr:     It protects you from acid and corrosion.
 X - a ring of protection from fire
Wands
 q - a wand of digging (3)
 u - a wand of polymorph (6)
 y - a wand of roots (11)
 H - a wand of paralysis (12)
 O - a wand of flame (32)
 S - a wand of mindburst (11)
 T - a wand of acid (20)
Scrolls
 e - a scroll of torment {unknown}
 f - 2 scrolls of fog
 i - 3 scrolls of poison
 k - 4 scrolls of blinking
 r - 2 scrolls of fear
 w - 2 scrolls of noise {unknown}
 z - 3 scrolls of immolation
 A - 3 scrolls of enchant armour {unknown}
 I - a scroll of brand weapon
 L - 3 scrolls of teleportation
 N - a scroll of identify
 Q - a scroll of magic mapping {unknown}
 R - a scroll of enchant weapon
Potions
 d - 3 potions of might
 g - 3 potions of cancellation
 j - a potion of flight {unknown}
 t - 2 potions of resistance
 D - a potion of ambrosia
 E - 2 potions of heal wounds
 K - a potion of mutation {unknown}
 P - 3 potions of haste
 W - 7 potions of curing
Miscellaneous
 U - a lightning rod (4/4)


   Skills:
 + Level 11.1 Fighting
 * Level 15.0 Maces & Flails
 - Level 6.0 Throwing
 + Level 14.2 Armour
 + Level 4.6 Dodging
 + Level 12.3 Shields
 * Level 7.7 Invocations
 - Level 6.0 Evocations


You had 14 spell levels left.
You didn't know any spells.
Your spell library contained the following spells:

 Spells                   Type           Power      Damage    Failure   Level
 Kiss of Death            Conj/Necr      0%         2d5       100%        1
 Shock                    Conj/Air       0%         1d3       100%        1
 Slow                     Hex            0%         N/A       100%        1
 Sting                    Tmut/Pois      0%         1d3       100%        1
 Poisonous Vapours        Pois/Air       0%         N/A       100%        2
 Call Canine Familiar     Summ           0%         N/A       100%        3
 Confusing Touch          Hex            0%         N/A       100%        3
 Portal Projectile        Hex/Tloc       0%         N/A       100%        3
 Swiftness                Air            0%         N/A       100%        3
 Tukima's Dance           Hex            0%         N/A       100%        3
 Vampiric Draining        Necr           0%         2d6       100%        3
 Airstrike                Air            0%         2d(0-16)  100%        4
 Anguish                  Hex/Necr       0%         N/A       100%        4
 Cause Fear               Hex            0%         N/A       100%        4
 Dispel Undead            Necr           0%         3d6       100%        4
 Leda's Liquefaction      Hex/Erth       0%         N/A       100%        4
 Olgreb's Toxic Radiance  Pois           0%         N/A       100%        4
 Passage of Golubria      Tloc           0%         N/A       100%        4
 Petrify                  Tmut/Erth      0%         N/A       100%        4
 Blade Hands              Tmut           0%         N/A       100%        5
 Irradiate                Conj/Tmut      0%         3d11      100%        5
 Lee's Rapid Deconstruct  Erth           0%         3d4*      100%        5
 Metabolic Englaciation   Hex/Ice        0%         N/A       100%        5
 Yara's Violent Unravell  Hex/Tmut       0%         3d3       100%        5
 Statue Form              Tmut/Erth      0%         N/A       100%        6
 Dragon Form              Tmut           0%         N/A       100%        7
 Enfeeble                 Hex            0%         N/A       100%        7
 Dragon's Call            Summ           0%         N/A       100%        9


Dungeon Overview and Level Annotations

Branches:
Dungeon (13/15)            Temple (1/1) D:6            Lair (5/5) D:9
 Shoals (0/4) Lair:2        Snake (4/4) Lair:2        Slime (0/5) Lair:5
    Orc (2/2) D:11            Elf (0/3) Orc:2
 Vaults: D:13-14

Altars:
Ashenzari
Cheibriados
Dithmenos
Elyvilon
Fedhas
Gozag
Hepliaklqana
Kikubaaqudgha
Makhleb
Nemelex Xobeh
Okawaru
Qazlal
Ru
Sif Muna
Trog
Uskayaw
Vehumet
Wu Jian
Xom
Yredelemnul
Zin
The Shining One
Jiyva

Shops:
Orc:2 ([[=   Snake:1 ?(*   Snake:2 (   Snake:3 =:=

Annotations:
D:13 Jorgrun
Snake:3 exclusion: downstairs


Innate Abilities, Weirdness & Mutations

You are completely covered in rugged brown scales. (AC +3, +7% HP)
Armour fits poorly on your strangely shaped body.
You have a long armoured tail.
You roll when moving toward enemies. (Rampage)
Your long tongue fully drains potion bottles. (2x potion effects)
Your tongue gives you trouble enunciating. (1.5x scroll delay)


Message History

The anaconda grabs you. You block the anaconda's attack.
The anaconda constricts you.
* * * LOW HITPOINT WARNING * * *
The nagaraja gestures wildly while chanting.
The nagaraja seems to speed up.
The naga mage casts a spell at the nagaraja.
The nagaraja seems to grow toxic.
You hear a shout!
There is a stone staircase leading up here.
You escape the anaconda's grasp.
You feel sick. You block the anaconda's attack.
The anaconda bites you but does no damage.
The naga spits poison at you.
Your +2 tower shield of reflection blocks the splash of poison... and reflects it back!
The splash of poison hits the nagaraja.
The nagaraja completely resists.
You climb upwards.
Level annotation: exclusion: downstairs Your blood rage is quickly leaving you.
You feel sick.
There is a stone staircase leading down, spattered with blood here.
Unknown command.
You are too berserk!
You are no longer berserk.
You are exhausted.
You feel yourself slow down.
You feel sick.
Things that are here:
a +0 robe; a +0 flail; a naga corpse Your magical effects are unravelling.
You feel magically purged.
You slurp down every last drop of the potion of cancellation!
You feel yourself speed up.
You feel sick.
You block the anaconda's attack. x2; The anaconda grabs you.
The anaconda barely misses you. The anaconda constricts you.
* * * LOW HITPOINT WARNING * * *
The nagaraja hits you with a +0 whip!!
* * * LOW HITPOINT WARNING * * *
The anaconda barely misses you. The anaconda constricts you.
You escape the anaconda's grasp.
The anaconda attacks as you move away! The anaconda bites you!
You die...

....# #.#.# #.# #........# ....#
#.#.####.###........# ....#
#.#.#........§.§....#
##########.#.#.........§≈≈...#
.............#...............#
##########>...........#.###### #
#......#+###.#.# #####
#.....N#.###.#.#
....######.....S@.......#
..###.<.###..####.....###########
.##.....).##.#########...........
##....8....####......#.########..
#...#####...###......#.#####.....
...## ##...##...........##....)
..#########...#.......###.##..##.
..###...###...###.....# #.##.....
................+.....# #.##..[#.


You could see a nagaraja (fast, curare, very poisoned) and an anaconda.

Vanquished Creatures
  Saint Roka (Orc:2)
  2 nagarajas
  A dire elephant (Lair:4)
  4 hydras
  Harold (D:9)
  Fannar (D:10)
  A salamander tyrant (Snake:3)
  4 naga warriors
  5 anacondas
  A catoblepas (Lair:3)
  5 two-headed ogres
  2 death yaks
  2 boulder beetles
  A merfolk avatar (Lair:5)
  7 shock serpents
  5 naga sharpshooters
  3 orc high priests (Orc:2)
  2 salamander mystics
  Amaemon (Lair:2)
  2 naga ritualists (Snake:2)
  4 orc knights (Orc:2)
  2 harpies (Lair:5)
  6 orc sorcerers
  3 mana vipers
  2 wolf spiders (Lair:3)
  9 elephants
  2 manticores
  23 black mambas
  A guardian serpent (Snake:4)
  Joseph (D:10)
  6 salamanders
  A cyclops (D:12)
  An orange demon (Lair:2)
  6 naga magi
  A gargoyle (D:10)
  A torpor snail (Lair:1)
  11 cane toads
  An unseen horror (D:11)
  3 rime drakes (Lair:5)
  A kobold demonologist (D:11)
  9 komodo dragons
  2 wind drakes
  A hornet (D:8)
  A troll (Orc:2)
  18 blink frogs
  4 polar bears
  5 dream sheep (Lair:5)
  2 snapping turtles (Lair:5)
  7 slime creatures (D:12)
  A vampire (D:8)
  Sigmund (D:6)
  3 fire bats (Lair:2)
  A wraith (D:12)
  A fire elemental (Lair:2)
  4 wyverns
  2 basilisks (Lair:3)
  Eustachio (D:4)
  6 vampire mosquitoes
  9 steam dragons
  46 yaks
  2 wargs
  14 nagas
  An acid dragon (D:11)
  16 water moccasins
  23 orc warriors
  A swamp drake (D:11)
  6 black bears
  2 ice beasts (D:8)
  41 wolves
  7 ogres
  4 centaurs
  3 phantoms
  17 bullfrogs
  2 gnoll sergeants
  3 kobold brigands
  5 scorpions
  5 wights
  3 howler monkeys
  3 lava snakes (D:9)
  3 hounds
  13 orc priests
  6 jellies
  5 iguanas
  Ijyb (D:3)
  16 orc wizards
  11 hell rats
  15 gnolls
  15 adders
  A white imp (D:5)
  An ufetubus (D:3)
  A worm (D:2)
  2 dart slugs (D:4)
  61 orcs
  6 endoplasms
  2 giant cockroaches (D:4)
  10 goblins
  7 hobgoblins
  8 jackals
  3 quokkas
  3 training dummies (Snake:2)
  2 ball pythons (D:2)
  9 bats
  2 frilled lizards
  8 kobolds
  6 rats
635 creatures vanquished.

Vanquished Creatures (others)
  A gnoll bouda (Orc:2)
  2 orc priests (Orc:2)
  An orc wizard (Orc:2)
  A hell rat (Lair:5)
  4 gnolls (Orc:2)
  2 orcs (Orc:2)
  2 bushes (Snake:3)
  81 fungi
  169 plants
263 creatures vanquished.

Grand Total: 898 creatures vanquished

Notes
Turn   | Place    | Note
-------+----------+-------------------------------------------
     0 | D:1      | seren the Armataur Fighter began the quest for the Orb.
     0 | D:1      | Reached XP level 1. HP: 19/19 MP: 1/1
   309 | D:1      | Reached skill level 2 in Maces & Flails
   309 | D:1      | Reached XP level 2. HP: 26/26 MP: 2/2
   982 | D:2      | Reached XP level 3. HP: 27/33 MP: 3/3
  1389 | D:2      | Reached XP level 4. HP: 40/40 MP: 4/4
  1578 | D:3      | Noticed Ijyb
  1594 | D:3      | Killed Ijyb
  1619 | D:3      | Reached XP level 5. HP: 48/48 MP: 5/5
  2227 | D:4      | Found a stormy altar of Qazlal.
  2247 | D:4      | Reached skill level 3 in Maces & Flails
  2362 | D:3      | Reached skill level 1 in Evocations
  2425 | D:4      | Reached XP level 6. HP: 54/55 MP: 6/6
  2488 | D:4      | Reached skill level 5 in Armour
  2619 | D:4      | Noticed Eustachio
  2678 | D:4      | Killed Eustachio
  2948 | D:5      | Entered Level 5 of the Dungeon
  2972 | D:5      | Reached skill level 4 in Maces & Flails
  3041 | D:5      | Reached XP level 7. HP: 60/63 MP: 7/7
  3056 | D:4      | Identified 2 scrolls of acquirement
  3056 | D:4      | Acquired a +0 eveningstar of holy wrath
  3060 | D:4      | Acquired the +0 barding "Kan Siv" {Drain rN+ Dex+3 Slay+3}
  3461 | D:5      | Reached skill level 5 in Shields
  3711 | D:5      | Reached skill level 1 in Dodging
  3920 | D:6      | Found a staircase to the Ecumenical Temple.
  3929 | Temple   | Entered the Ecumenical Temple
  4165 | D:6      | Reached skill level 5 in Maces & Flails
  4165 | D:6      | Reached XP level 8. HP: 67/71 MP: 8/8
  4759 | D:6      | Noticed Sigmund
  4769 | D:6      | Killed Sigmund
  4848 | D:6      | Reached skill level 5 in Fighting
  4861 | D:6      | Reached skill level 6 in Maces & Flails
  5210 | D:7      | Reached XP level 9. HP: 72/79 MP: 9/9
  5660 | D:7      | Noticed a troll
  5793 | D:8      | Reached skill level 7 in Maces & Flails
  5804 | D:8      | Noticed a two-headed ogre
  5821 | D:8      | Killed a two-headed ogre
  5992 | D:8      | Reached XP level 10. HP: 88/88 MP: 10/10
  6437 | D:8      | Reached skill level 8 in Maces & Flails
  6988 | D:9      | Noticed Harold
  7459 | D:9      | Found a staircase to the Lair.
  7830 | D:9      | Noticed a two-headed ogre
  8094 | D:9      | Found an opulent altar of Gozag.
  8095 | D:9      | Found a white marble altar of Elyvilon.
  8097 | D:9      | Found a hazy altar of Hepliaklqana.
  8114 | D:10     | Entered Level 10 of the Dungeon
  8279 | D:10     | Noticed a boulder beetle
  8305 | D:10     | Killed a boulder beetle
  8306 | D:10     | Reached skill level 9 in Maces & Flails
  8537 | D:10     | Noticed Joseph
  8549 | D:10     | Killed Joseph
  8604 | D:10     | Noticed Fannar
  8696 | D:10     | Killed Fannar
  8697 | D:10     | Reached XP level 11. HP: 54/98 MP: 11/11
  8931 | D:10     | Noticed a two-headed ogre
  8943 | D:10     | Killed a two-headed ogre
  9221 | D:10     | Reached skill level 5 in Evocations
  9985 | D:11     | Noticed a boulder beetle
 10004 | D:11     | Killed a boulder beetle
 10005 | D:11     | Reached skill level 10 in Maces & Flails
 10005 | D:11     | Reached skill level 10 in Armour
 10496 | D:11     | Found a staircase to the Orcish Mines.
 10838 | Orc:1    | Entered Level 1 of the Orcish Mines
 11149 | Orc:1    | Noticed a two-headed ogre
 11164 | Orc:1    | Killed a two-headed ogre
 11449 | Orc:1    | Noticed an orc sorcerer
 11468 | Orc:1    | Killed an orc sorcerer
 11612 | Orc:2    | Entered Level 2 of the Orcish Mines
 11693 | Orc:2    | Noticed Saint Roka
 12009 | D:12     | Reached XP level 12. HP: 103/108 MP: 12/12
 12158 | D:12     | Noticed a two-headed ogre
 12163 | D:12     | Killed a two-headed ogre
 12164 | D:12     | Reached skill level 11 in Maces & Flails
 12949 | D:13     | Noticed Jorgrun
 13025 | D:9      | Killed a two-headed ogre
 13026 | D:9      | Reached skill level 10 in Shields
 13468 | D:9      | Killed Harold
 13501 | D:9      | Found a hide-covered altar of Uskayaw.
 13503 | D:9      | Found a broken altar of Ashenzari.
 13503 | D:9      | Found a blossoming altar of Fedhas.
 13503 | D:9      | Found a snail-covered altar of Cheibriados.
 13503 | D:9      | Found a radiant altar of Vehumet.
 13504 | D:9      | Found a shadowy altar of Dithmenos.
 13505 | D:9      | Found a sacrificial altar of Ru.
 13506 | D:9      | Found a glowing silver altar of Zin.
 13507 | D:9      | Found a glowing golden altar of the Shining One.
 13508 | D:9      | Found an iron altar of Okawaru.
 13513 | D:9      | Became a worshipper of the Shining One
 13729 | D:9      | Found a shimmering altar of Xom.
 13775 | Lair:1   | Entered Level 1 of the Lair of Beasts
 14719 | D:9      | Reached skill level 12 in Maces & Flails
 15257 | Lair:1   | Reached skill level 1 in Invocations
 15800 | Lair:2   | Noticed Amaemon
 15800 | Lair:2   | Noticed a death yak
 15800 | Lair:2   | Noticed a death yak
 15800 | Lair:2   | Noticed an eight-headed hydra
 15909 | Lair:2   | Killed an eight-headed hydra
 15984 | Lair:2   | Killed Amaemon
 15988 | Lair:2   | Reached XP level 13. HP: 93/118 MP: 14/14
 16623 | Lair:2   | Found a staircase to the Shoals.
 16887 | Lair:2   | Found a staircase to the Snake Pit.
 17078 | Lair:3   | Reached * piety under the Shining One
 17220 | Lair:2   | Reached skill level 1 in Throwing
 18410 | Lair:3   | Reached skill level 13 in Maces & Flails
 18612 | Lair:3   | Reached ** piety under the Shining One
 19255 | Lair:4   | Identified the +2 mace of the Spectre {speed, rElec rF-
                  | Int+2}
 19920 | Lair:5   | Entered Level 5 of the Lair of Beasts
 20075 | Lair:5   | Reached skill level 10 in Fighting
 20118 | Lair:5   | Reached XP level 14. HP: 118/129 MP: 15/17
 20196 | Lair:5   | Found a viscous altar of Jiyva.
 20196 | Lair:5   | Found a staircase to the Slime Pits.
 20756 | Lair:5   | Reached *** piety under the Shining One
 21556 | Lair:5   | Reached skill level 5 in Invocations
 22435 | Snake:1  | Entered Level 1 of the Snake Pit
 22950 | Orc:1    | Reached **** piety under the Shining One
 23116 | Orc:2    | Killed Saint Roka
 23117 | Orc:2    | Reached skill level 14 in Maces & Flails
 23707 | Orc:2    | Found Qaanleir's Armour Emporium.
 23707 | Orc:2    | Found Azyalaik's Weapon Emporium.
 23712 | Orc:2    | Found Zielioso's Jewellery Boutique.
 23712 | Orc:2    | Found Raututs's Armour Boutique.
 23747 | Orc:2    | Bought the amulet "Qykom" {Spirit rElec rPois rCorr Stlth+}
                  | for 622 gold pieces
 23764 | Orc:2    | Bought a +1 helmet of see invisible for 264 gold pieces
 23782 | Orc:2    | Bought the ring "Faikher" {rPois rC+ Will+ Dex+3 Slay+2}
                  | for 636 gold pieces
 23857 | Orc:2    | Found a staircase to the Elven Halls.
 24114 | Orc:2    | Reached ***** piety under the Shining One
 24242 | Orc:2    | Bought the ring "Mubief" {rF++ rCorr} for 489 gold pieces
 24462 | Snake:1  | Reached skill level 5 in Throwing
 24973 | Snake:1  | Found Memy's Magic Scroll Boutique.
 24975 | Snake:1  | Found Yneoj's Antique Weapon Shop.
 24978 | Snake:1  | Found Zialenn's Assorted Antiques.
 25613 | Lair:1   | Acquired 640 gold pieces
 25614 | Lair:1   | Acquired the +6 plate armour "Wifeil" {Dex+2}
 25843 | Snake:2  | Found Femic's Firing Range.
 26032 | Snake:1  | Reached XP level 15. HP: 81/136 MP: 3/19
 27626 | Snake:3  | Found Yngafua's Jewellery Emporium.
 27627 | Snake:3  | Found Deekly's Book Shop.
 27629 | Snake:3  | Found Nuenedwi's Jewellery Emporium.
 28602 | Snake:4  | Entered Level 4 of the Snake Pit
 29040 | Snake:4  | Noticed a nagaraja
 29079 | Snake:4  | Killed a nagaraja
 29355 | Snake:4  | Reached skill level 15 in Maces & Flails
 29458 | Snake:4  | Noticed a nagaraja
 29477 | Snake:3  | Killed a nagaraja
 29679 | Snake:4  | Noticed a nagaraja
 29687 | Snake:4  | Noticed a nagaraja
 29697 | Snake:3  | HP: 6/138 [nagaraja/+0 whip (15)]
 29698 | Snake:3  | Slain by an anaconda

Illustrated notes

Levels and vault maps discovered:
D:1:      kilobyte_arrival_exit_the_forest, layout_basic, interstate_on_off,
          nicolae_kite_square_tiling_tiny
D:2:      layout_rooms, hangedman_decor_diamond_cutter, moated_statue
D:3:      layout_loops_ring, uniq_ijyb
D:4:      layout_cave_pools, mainiacjoe_overflow_24_doors, uniq_eustachio
D:5:      layout_rooms, serial_rivers, chequers_serial_rivers_small_b,
          chequers_serial_rivers_micro_c, chequers_serial_rivers_micro_a,
          chequers_serial_rivers_large_b, chequers_serial_rivers_room_b,
          minmay_strange_pillars
D:6:      layout_basic, minmay_temple_entry_glass, grunt_ministairs_10,
          item_on_display_a, uniq_sigmund
D:7:      layout_cave_pools
D:8:      layout_loops_ring
D:9:      layout_big_octagon, minitemple, mainiacjoe_overflow_brackets,
          due_lair_maze_entry_diamond, enter_bailey_2, uniq_harold
D:10:     layout_rooms, small_chamber_with_monster, minmay_increasing_density,
          uniq_fannar, uniq_joseph
D:11:     layout_loops_ring, erik_orc_1
D:12:     layout_basic
D:13:     gammafunk_mikee_crab_dinner, layout_rooms, portal_ice_cave_entry_imps,
          nicolae_vehumet_altar_sigil, uniq_jorgrun
Temple:   nicolae_temple_bog_church
Lair:1:   layout_regular_city, lemuel_fruit_tree
Lair:2:   layout_gridlike, minmay_shoals_entry_beasts, dummy_snake_entry,
          uniq_amaemon
Lair:3:   minmay_lair_venomous_thicket, layout_chaotic_city
Lair:4:   layout_gridlike, grunt_megastairs_1
Lair:5:   gammafunk_lair_ancient_temple, layout_regular_city, slime_entry_1,
          nicolae_lair_grazing_beasts [nicolae_sub_lair_graze_edge,
          nicolae_sub_lair_graze_edge, nicolae_sub_lair_graze_edge,
          nicolae_sub_lair_graze_edge]
Snake:1:  layout_gridlike, minmay_shop_star
Snake:2:  layout_cave_town, nicolae_shop_firing_range
Snake:3:  layout_basic, minmay_shop_grove, grunt_megastairs_5
Snake:4:  snake_hunt, layout_cave_pods, grunt_megastairs_3, minmay_shoptagon
Orc:1:    layout_caves
Orc:2:    st_orc_elflike, layout_caves, serial_shops, freezing_bzr,
          uniq_saint_roka

Skill      XL: |  1  2  3  4  5  6  7  8  9 10 11 12 13 14 15 |
---------------+----------------------------------------------+-----
Maces & Flails | 2 3 4 5 6 7 9 10 12 13 14 15 | 15.0
Fighting       | 3 4 5 6 7 8 9 10 11 | 11.1
Armour         | 4 5 6 8 9 10 11 12 13 14 | 14.2
Shields        | 4 5 6 7 8 9 10 11 12 | 12.3
Evocations     | 1 2 3 4 6 |  6.0
Dodging        | 1 2 3 4 |  4.6
Invocations    | 1 4 6 7 |  7.7
Throwing       | 3 5 6 |  6.0

Action                     |  1- 3 |  4- 6 |  7- 9 | 10-12 | 13-15 || total
---------------------------+-------+-------+-------+-------+-------++-------
  Melee: Flail             |   111 |   111 |   164 |    73 |       ||   459
         Tailslap          |     8 |    14 |    35 |   127 |   245 ||   429
         Eveningstar       |       |       |    15 |   632 |  1144 ||  1791
  Throw: Stone             |       |       |       |     2 |       ||     2
         Dart              |       |       |       |     2 |     5 ||     7
         Boomerang         |       |       |       |       |     6 ||     6
 Invoke: Cleansing Flame   |       |       |       |       |     1 ||     1
         Divine Shield     |       |       |       |       |     1 ||     1
  Evoke: Wand              |       |       |       |     2 |    10 ||    12
    Use: Scroll            |       |     5 |     8 |     7 |    10 ||    30
         Potion            |       |       |     2 |     5 |     6 ||    13
 Armour: Scale mail        |    36 |       |       |       |       ||    36
         Chain mail        |    30 |    86 |   117 |   100 |    44 ||   377
         Skin              |       |       |     5 |       |       ||     5
         Plate armour      |       |       |       |   535 |   872 ||  1407
  Dodge: Dodged            |    59 |    46 |    24 |   171 |   207 ||   507
  Block: Buckler           |    32 |    18 |    42 |   271 |   345 ||   708
         Tower shield      |       |       |       |       |   129 ||   129
         Reflection        |       |       |       |       |    13 ||    13
